 Dungeon Crawl Stone Soup version 0.24.0-2-g5b39cebb1c (webtiles) character file.

Game seed: 5811429803620652262, levelgen mode: deterministic

3350 mopl the Arsonist (level 10, 0/56 HPs)
             Began as an Octopode Fire Elementalist on Oct 30, 2019.
             Was a Believer of Vehumet.
             Killed from afar by Psyche (11 damage)
             ... with a puff of frost
             ... on level 8 of the Dungeon.
             The game lasted 00:15:55 (7994 turns).

mopl the Arsonist (Octopode Fire Elementalist)      Turns: 7994, Time: 00:15:55

Health: 0/56       AC:  3    Str:  7    XL:     10   Next: 3%
Magic:  18/21      EV: 13    Int: 26    God:    Vehumet [**....]
Gold:   458        SH:  0    Dex: 13    Spells: 8/24 levels left

rFire    + + .     SeeInvis .   a - +8 spear "Wucaa" {freeze, Int+5}
rCold    . . .     Gourm    .   (no shield)
rNeg     . . .     Faith    .   v - +2 hat
rPois    .         Spirit   .   (no amulet)
rElec    .         Reflect  .   e - ring of protection from cold
rCorr    .         Harm     .   n - ring of fire
MR       .....                  i - ring of wizardry
Stlth    +++.......             p - ring of protection from fire
HPRegen  0.18/turn              (no ring)
MPRegen  0.17/turn              (no ring)
                                (no ring)
                                (no ring)

@: no status effects
A: almost no armour, stealthy swim, amphibious, 8 rings, constrict 8, camouflage
1, gelatinous body 1
a: Renounce Religion


You were on level 8 of the Dungeon.
You worshipped Vehumet.
Vehumet was pleased with you.
You were not hungry.

You visited 2 branches of the dungeon, and saw 9 of its levels.

You collected 458 gold pieces.

Inventory:

Hand Weapons
 a - the +8 spear "Wucaa" (weapon) {freeze, Int+5}
   (You found it on level 5 of the Dungeon)

   It has been specially enchanted to freeze those struck by it, causing extra
   injury to most foes and up to half again as much damage against particularly
   susceptible opponents.
   It can also slow down cold-blooded creatures.
   It affects your intelligence (+5).
 t - a +1 dagger of draining
 y - the +6 morningstar "Octopus's Peril" {antimagic, *Contam rF+ Int+3, unknown}
   (You found it on level 6 of the Dungeon)

   It reduces the magical energy of the wielder, and disrupts the spells and
   magical abilities of those hit.
   Natural abilities and divine invocations are not affected.
   It affects your intelligence (+3).
   It protects you from fire.
   It causes magical contamination when unequipped.
Missiles
 z - a throwing net (quivered)
Armour
 v - a +2 hat (worn)
Jewellery
 e - a ring of protection from cold (left tentacle)
 i - a ring of wizardry (on tentacle)
 n - a ring of fire (right tentacle)
 p - a ring of protection from fire (on tentacle)
Wands
 x - a wand of acid (17)
Scrolls
 d - 2 scrolls of enchant armour
 h - 6 scrolls of teleportation
 j - 2 scrolls of fear {unknown}
 k - 2 scrolls of immolation {unknown}
 m - a scroll of blinking {unknown}
 o - 2 scrolls of remove curse
 u - 3 scrolls of identify {unknown}
Potions
 b - a potion of ambrosia {unknown}
 f - 2 potions of flight {unknown}
 g - a potion of magic {unknown}
 l - 3 potions of lignification {unknown}
 q - a potion of curing
 s - a potion of cancellation {unknown}
 w - a potion of agility {unknown}
 A - a potion of heal wounds {unknown}
Comestibles
 c - 14 rations


   Skills:
 - Level 2.0 Dodging
 - Level 2.6 Stealth
 + Level 7.5 Spellcasting
 + Level 7.9 Conjurations
 - Level 2.0 Hexes
 + Level 8.4 Fire Magic


You had 8 spell levels left.
You knew the following spells:

 Your Spells              Type           Power        Failure   Level  Hunger
a - Flame Tongue          Conj/Fire      #####        1%          1    None
c - Conjure Flame         Conj/Fire      ######..     1%          3    None
d - Sticky Flame          Conj/Fire      ######..     1%          4    ##.....
f - Fireball              Conj/Fire      ######....   2%          5    #####..
h - Inner Flame           Hex/Fire       ######..     1%          3    None

Your spell library contained the following spells:

 Spells                   Type           Power        Failure   Level  Hunger
 Sting                    Conj/Pois      ####         1%          1    None
 Throw Flame              Conj/Fire      ######       1%          2    None
 Mephitic Cloud           Conj/Pois/Air  ###.....     2%          3    None
 Poisonous Vapours        Pois/Air       #.....       3%          2    None
 Freezing Cloud           Conj/Ice/Air   ###.......   73%         6    ######.
 Ring of Flames           Chrm/Fire      #####.....   96%         7    #######


Dungeon Overview and Level Annotations

Branches:
Dungeon (8/15)             Temple (1/1) D:4
   Lair: D:8-11

Altars:
Ashenzari
Cheibriados
Dithmenos
Elyvilon
Fedhas
Gozag
Hepliaklqana
Kikubaaqudgha
Nemelex Xobeh
Qazlal
Sif Muna
Trog
Uskayaw
Vehumet
Wu Jian
Xom
Yredelemnul
Zin
The Shining One

Shops:
D:6 *

Annotations:
D:3 Ijyb
D:4 Grinder
D:8 Psyche


Innate Abilities, Weirdness & Mutations

You cannot wear most types of armour.
You are very stealthy in the water. (Stealth+)
You are amphibious.
You can wear up to eight rings at the same time.
You can use your tentacles to constrict eight enemies at once.
Your skin changes colour to match your surroundings (Stealth+).
Your rubbery body absorbs attacks. (AC +1, EV +1)


Message History

The centaur shoots an arrow.
The arrow hits you!
* * * LOW HITPOINT WARNING * * *
You see here an arrow.
Your surroundings suddenly seem different.
You start resting.
A two-headed ogre comes into view. It is wielding two +0 giant clubs.
The two-headed ogre shouts in stereo!
You hear a howl!
You hear a shout! x6
Found a ration and a silvery potion.
Found a stone staircase leading down.
An orc and Psyche come into view.
Psyche is wielding a +0 dagger of chaos.
The orc shouts!
You hear a shout!
Psyche moves out of view.
An orc wizard comes into view. It is wielding a +0 dagger.
Psyche points at you and mumbles some strange words.
The puff of frost hits you.
* * * LOW HITPOINT WARNING * * *
Psyche points at you and mumbles some strange words.
The puff of frost hits you!
You die...

... #......... ###..
.... #.O....... #....
....o#...##.... #..†.
...>o#...##'### #....
.....@.......%! #....
##..##...##.... ##...
##
##...##############...
#....##.....##(.......
#....@................
#.....................
###..###.).###...#####
######)).###...###
#................#
#...)[.÷.[.......#
#(.<##).#######.##
###########..##.####
#....#.....


You could see a two-headed ogre, Psyche, an orc wizard and an orc.

Vanquished Creatures
  Prince Ribbit (D:6)
  Edmund (D:3)
  An ice beast (D:7)
  3 orc warriors
  2 sky beasts
  A necrophage (D:8)
  An eye of draining (D:7)
  3 ogres
  3 centaurs
  2 bullfrogs
  A gnoll sergeant (D:7)
  A scorpion (D:7)
  10 wights
  4 crimson imps
  2 bullfrog zombies
  2 hounds
  2 jellies
  An orc wizard (D:8)
  2 orc priests
  2 bullfrog skeletons
  8 worker ants
  Natasha (twice) (D:2)
  3 iguanas
  2 hound skeletons
  A howler monkey zombie (D:6)
  Robin (D:3)
  2 howler monkey skeletons
  6 gnolls
  11 adders
  A shadow imp (D:6)
  An ooze (D:3)
  4 adder skeletons
  2 dart slugs (D:3)
  3 worms (D:2)
  6 leopard geckos
  29 orcs
  A ball python (D:1)
  7 bats
  6 giant cockroaches
  12 goblins
  11 hobgoblins
  5 jackals
  5 quokkas
  3 frilled lizards
  6 kobolds
  A quokka zombie (D:4)
  6 rats
190 creatures vanquished.

Vanquished Creatures (others)
  A gnoll shaman (D:4)
1 creature vanquished.

Grand Total: 191 creatures vanquished

Notes
Turn   | Place    | Note
-------+----------+-------------------------------------------
     0 | D:1      | mopl the Octopode Fire Elementalist began the quest for the
                  | Orb.
     0 | D:1      | Reached XP level 1. HP: 11/11 MP: 3/3
   251 | D:1      | Reached XP level 2. HP: 5/17 MP: 0/5
  1058 | D:1      | Reached XP level 3. HP: 20/21 MP: 6/6
  1228 | D:2      | Learned a level 3 spell: Conjure Flame
  1488 | D:2      | You fall into a shaft and drop 1 floor!
  1559 | D:2      | Noticed Natasha
  1563 | D:2      | Killed Natasha
  1563 | D:2      | Reached XP level 4. HP: 22/27 MP: 5/8
  1787 | D:2      | Noticed Natasha
  1802 | D:2      | Killed Natasha
  2005 | D:2      | Reached skill level 4 in Fire Magic
  2018 | D:2      | Reached XP level 5. HP: 26/31 MP: 9/9
  2024 | D:2      | Learned a level 4 spell: Sticky Flame
  3324 | D:3      | Noticed Robin
  3327 | D:3      | Killed Robin
  3414 | D:3      | Noticed Ijyb
  3527 | D:4      | Noticed an orc warrior
  3532 | D:4      | Learned a level 3 spell: Inner Flame
  3541 | D:3      | Killed an orc warrior
  3541 | D:3      | Reached XP level 6. HP: 36/36 MP: 3/11
  3611 | D:4      | Noticed Edmund
  3637 | D:3      | Killed Edmund
  3637 | D:3      | Reached skill level 5 in Fire Magic
  3637 | D:3      | Reached XP level 7. HP: 17/41 MP: 1/13
  4087 | D:4      | Found a staircase to the Ecumenical Temple.
  4108 | Temple   | Entered the Ecumenical Temple
  4184 | Temple   | Became a worshipper of Vehumet
  4199 | D:4      | Noticed Grinder
  4220 | D:4      | Reached skill level 1 in Hexes
  4485 | D:4      | Found a shimmering altar of Xom.
  4581 | D:5      | Entered Level 5 of the Dungeon
  4653 | D:5      | Found a stormy altar of Qazlal.
  5264 | D:5      | Reached XP level 8. HP: 41/46 MP: 7/15
  5298 | D:4      | Found a hazy altar of Hepliaklqana.
  5391 | D:5      | Got a steaming spear
  5392 | D:5      | Identified the +8 spear "Wucaa" {freeze, Int+5} (You found
                  | it on level 5 of the Dungeon)
  5411 | D:5      | Reached skill level 5 in Spellcasting
  5449 | D:5      | Reached skill level 5 in Conjurations
  5502 | D:5      | Reached * piety under Vehumet
  5502 | D:5      | Offered knowledge of Freeze by Vehumet.
  5502 | D:5      | Reached skill level 6 in Fire Magic
  5730 | D:6      | Found Codixar's Lightly-Used Armoury.
  5748 | D:6      | Found a hide-covered altar of Uskayaw.
  5912 | D:6      | Noticed Prince Ribbit
  5926 | D:6      | Killed Prince Ribbit
  6248 | D:6      | Reached XP level 9. HP: 50/51 MP: 18/18
  6370 | D:6      | Got a slimy morningstar
  6377 | D:6      | Learned a level 5 spell: Fireball
  6536 | D:7      | Reached skill level 7 in Fire Magic
  6594 | D:7      | Reached ** piety under Vehumet
  6594 | D:7      | Offered knowledge of Sting by Vehumet.
  6597 | D:7      | Found an ornate altar of the Wu Jian Council.
  6599 | D:7      | Found a glowing silver altar of Zin.
  7132 | D:7      | Found a shadowy altar of Dithmenos.
  7135 | D:7      | Found a shimmering blue altar of Sif Muna.
  7138 | D:7      | Found a blossoming altar of Fedhas.
  7464 | D:8      | Reached skill level 8 in Fire Magic
  7935 | D:8      | Reached XP level 10. HP: 51/56 MP: 7/21
  7985 | D:8      | Noticed a two-headed ogre
  7991 | D:8      | Noticed Psyche
  7994 | D:8      | Killed from afar by Psyche

Levels and vault maps discovered:
D:1:      wheals_arrival_linesprint, layout_basic, item_on_display_a
D:2:      layout_basic, uniq_natasha
D:3:      layout_rooms, kennysheep_generic_room_9, uniq_ijyb, uniq_robin
D:4:      layout_rooms, xom_confusion_cloud, kennysheep_mini,
          gammafunk_temple_overflow_statue, temple_pool_b,
          uniq_crazy_yiuf_cottage, uniq_grinder, uniq_edmund
D:5:      layout_loops_cross, first_ration, nicolae_qazlal_general_emergency
D:6:      layout_basic, old_standard_altar, minmay_shop_damaged,
          uniq_prince_ribbit1
D:7:      layout_loops_corners, grunt_temple_overflow_diamond,
          chequers_temple_overflow_statue_of_worship, grunt_ogre_cave
D:8:      layout_gridville, okawaru_trees_1, uniq_psyche, uniq_erica,
          uniq_gastronok
Temple:   jpeg_temple_clearing

Skill      XL: |  1  2  3  4  5  6  7  8  9 |
---------------+----------------------------+-----
Conjurations   | 2 3 4 6 7 |  7.9
Spellcasting   | 3 4 6 7 |  7.5
Fire Magic     | 4 5 6 8 |  8.4
Hexes          | 2 |  2.0
Dodging        | |  2.0
Stealth        | |  2.6

Action                   |  1- 3 |  4- 6 |  7- 9 | 10-12 || total
-------------------------+-------+-------+-------+-------++-------
Melee: Dagger            |    42 |    79 |    38 |       ||   159
       Unarmed           |     4 |       |       |       ||     4
       Constrict         |     8 |    19 |    23 |       ||    50
       Tentacles         |     9 |     7 |    10 |       ||    26
       Spear             |       |       |    88 |     3 ||    91
 Cast: Flame Tongue      |    26 |    56 |   137 |     2 ||   221
       Sticky Flame      |       |     4 |    21 |       ||    25
       Conjure Flame     |       |       |    11 |       ||    11
       Inner Flame       |       |       |     6 |       ||     6
  Use: Scroll            |       |     3 |       |     1 ||     4
 Stab: Sleeping          |    10 |     5 |    14 |       ||    29
       Distracted        |       |       |     2 |       ||     2
  Eat: Chunk             |     2 |     7 |    16 |       ||    25
Armor: Skin              |     8 |     7 |    12 |       ||    27
Dodge: Dodged            |    29 |    66 |    69 |       ||   164
